 Dungeon Crawl Stone Soup version 0.21-a0-509-gecc5317402 (webtiles) character file.

137 Kaname the Conjurer (level 5, 0/35 HPs)
             Began as a Demonspawn Wizard on Nov 30, 2017.
             Slain by Gottschkopf's ghost (8 damage)
             ... on level 3 of the Dungeon.
             The game lasted 00:06:10 (2136 turns).

Kaname the Conjurer (Demonspawn Wizard)             Turns: 2136, Time: 00:06:10

Health: 0/35       AC:  3    Str:  7    XL:     5   Next: 0%
Magic:  2/9        EV: 12    Int: 20    God:
Gold:   65         SH:  0    Dex: 12    Spells: 1/10 levels left

rFire    . . .     SeeInvis .   l - +2 halberd (chop)
rCold    + . .     Gourm    .   (shield currently unavailable)
rNeg     . . .     Faith    .   a - +0 robe
rPois    .         Spirit   .   b - +0 hat
rElec    .         Reflect  .   (no cloak)
rCorr    .         Harm     .   (no gloves)
MR       .....                  g - +0 pair of boots
Stlth    +++.......             o - amulet of magic regeneration
HPRegen  0.11/turn              i - ring of wizardry
MPRegen  0.36/turn              (no ring)

@: no status effects
A: claws 1, cold resistance 1, nightstalker 1
a: no special abilities


You were on level 3 of the Dungeon.
You were not hungry.

You visited 1 branch of the dungeon, and saw 3 of its levels.

You collected 65 gold pieces.

Inventory:

Hand Weapons
 l - a +2 halberd of chopping (weapon)
 r - a +3 dagger
Armour
 a - a +0 robe (worn)
 b - a +0 hat (worn)
 g - a +0 pair of boots (worn)
Jewellery
 i - a ring of wizardry (left claw)
 o - an amulet of magic regeneration (around neck)
 q - an uncursed amulet of faith
Scrolls
 f - 2 scrolls of amnesia
 j - a scroll of noise {unknown}
 k - 2 scrolls of teleportation
Potions
 e - a potion of curing {unknown}
 m - a potion of mutation {unknown}
 n - a potion of cancellation {unknown}
 p - a potion of agility {unknown}
 s - a potion of invisibility {unknown}
Comestibles
 d - 2 bread rations
 h - 2 fruits


   Skills:
 - Level 1.7 Dodging
 - Level 1.7 Stealth
 - Level 3.0 Spellcasting
 + Level 4.3 Conjurations
   Level 1.0 Summonings
 - Level 1.0 Translocations
 - Level 1.1 Air Magic
 - Level 1.0 Poison Magic


You had one spell level left.
You knew the following spells:

 Your Spells              Type           Power        Failure   Level  Hunger
a - Magic Dart            Conj           ###.         1%          1    None
b - Blink                 Tloc           N/A          6%          2    ##.....
c - Mephitic Cloud        Conj/Pois/Air  ##......     7%          3    ###....
d - Conjure Flame         Conj/Fire      ##......     7%          3    ###....


Dungeon Overview and Level Annotations

Branches:
Dungeon (3/15)

Altars:
Qazlal

Annotations:
D:3 Gottschkopf's ghost, amateur DrTm


Innate Abilities, Weirdness & Mutations

You have sharp fingernails.
Your flesh is cold resistant. (rC+)
You are slightly more attuned to the shadows.


Message History

Gottschkopf's ghost is almost destroyed.
Gottschkopf's ghost barely misses you.
Casting: Magic Dart
Confirm with . or Enter, or press ? or * to list all spells.
Aiming: Magic Dart
Press: ? - help, Shift-Dir - straight line, f/p - Gottschkopf's ghost
Aim: Gottschkopf's ghost (almost destroyed)
The magic dart hits Gottschkopf's ghost.
Gottschkopf's ghost is almost destroyed.
Gottschkopf's ghost hits you!
* * * LOW HITPOINT WARNING * * *
Casting: Magic Dart
Confirm with . or Enter, or press ? or * to list all spells.
Aiming: Magic Dart
Press: ? - help, Shift-Dir - straight line, f/p - Gottschkopf's ghost
Aim: Gottschkopf's ghost (almost destroyed)
The magic dart hits Gottschkopf's ghost.
Gottschkopf's ghost is almost destroyed.
Gottschkopf's ghost hits you!
You die...

################
#...............
#.#####.#@#####
#.# #.#W# #.#
#.#..# ##.#
#.##.?. #..# #.#
....♣ #.## #.#
♣..♣.. #.# #.#
.♣♣ ♣ #.# .♣ #.#


You could see Gottschkopf's ghost.

Vanquished Creatures
  Jessica (D:2)
  A gnoll (D:1)
  3 adders
  2 oozes (D:2)
  2 worms
  2 dart slugs (D:2)
  A leopard gecko (D:1)
  A giant cockroach (D:3)
  6 goblins
  6 hobgoblins
  3 jackals (D:2)
  8 kobolds
  12 bats
  2 frilled lizards (D:1)
  10 rats
60 creatures vanquished.

Notes
Turn   | Place    | Note
-------+----------+-------------------------------------------
     0 | D:1      | Kaname the Demonspawn Wizard began the quest for the Orb.
     0 | D:1      | Reached XP level 1. HP: 13/13 MP: 4/4
   254 | D:1      | Reached skill level 2 in Conjurations
   254 | D:1      | Gained mutation: Your flesh is cold resistant. (rC+) [demonic ancestry]
   254 | D:1      | Reached XP level 2. HP: 19/19 MP: 3/6
   258 | D:1      | Learned a level 2 spell: Blink
   644 | D:1      | Reached skill level 3 in Conjurations
   659 | D:1      | Gained mutation: You have sharp fingernails. [demonic ancestry]
   659 | D:1      | Reached XP level 3. HP: 20/24 MP: 5/7
   662 | D:1      | Reached skill level 1 in Translocations
   672 | D:1      | Learned a level 3 spell: Mephitic Cloud
  1177 | D:2      | Noticed Jessica
  1234 | D:1      | Reached skill level 1 in Air Magic
  1485 | D:2      | Reached skill level 1 in Poison Magic
  1642 | D:2      | Reached XP level 4. HP: 30/30 MP: 8/8
  1647 | D:2      | Learned a level 3 spell: Conjure Flame
  1681 | D:2      | Killed Jessica
  1709 | D:2      | Reached skill level 4 in Conjurations
  2007 | D:3      | Found a stormy altar of Qazlal.
  2085 | D:3      | Gained mutation: You are slightly more attuned to the shadows. [demonic ancestry]
  2085 | D:3      | Reached XP level 5. HP: 31/35 MP: 9/9
  2116 | D:3      | Noticed Gottschkopf's ghost (amateur DrTm)
  2136 | D:3      | Slain by Gottschkopf's ghost

Vault maps used:
D:1:      minmay_arrival_nine_rooms, serial_park_tiny_2
D:2:      uniq_jessica
D:3:      nicolae_qazlal_eye_of_the_storm, chequers_ecumenical_altar_grove,
          minmay_misc_feat_cross, minmay_checkerbox

Skill      XL: |  1  2  3  4 |
---------------+-------------+-----
Conjurations   | 2 3 4 |  4.3
Translocations | 1 |  1.0
Air Magic      | 1 |  1.1
Poison Magic   | 1 |  1.0
Dodging        | |  1.7
Stealth        | |  1.7
Spellcasting   | |  3.0
Summonings     | |  1.0

Action                   |  1- 3 |  4- 6 || total
-------------------------+-------+-------++-------
Melee: Unarmed           |     6 |       ||     6
       Halberd           |    27 |    46 ||    73
 Cast: Magic Dart        |    81 |    50 ||   131
       Conjure Flame     |       |     1 ||     1
  Use: Scroll            |     4 |       ||     4
  Eat: Chunk             |     2 |     2 ||     4
Armor: Robe              |    15 |    13 ||    28
Dodge: Dodged            |    34 |    34 ||    68

Table legend:
 A = Spawn XP
 B = Non-spawn XP
 C = Spawn XP percentage of total XP
 D = Spawn monster count
 E = Non-spawn monster count
 F = Spawn count percentage of total count
 G = Total turns spent on level
                    A         B        C        D         E        F      G
               +---------+---------+-------+---------+---------+-------+---------
         Total |       0 |     196 |   0.0 |       0 |      60 |   0.0 |  2136
               +---------+---------+-------+---------+---------+-------+---------
           D:1 |       0 |      52 |   0.0 |       0 |      24 |   0.0 |  1244
           D:2 |       0 |     121 |   0.0 |       0 |      29 |   0.0 |   760
           D:3 |       0 |      23 |   0.0 |       0 |       7 |   0.0 |   132
               +---------+---------+-------+---------+---------+-------+---------
